 Dungeon Crawl Stone Soup version 0.25.1-3-ge44b62a0b3 (webtiles) character file.

Game seed: 2908017590206382610

263 CrazyMind the Archer (level 5, -2/44 HPs)
             Began as a Centaur Hunter on Nov 21, 2020.
             Slain by an orc
             ... wielding a +0 club
              (5 damage)
             ... on level 4 of the Dungeon.
             The game lasted 00:16:21 (4401 turns).

CrazyMind the Archer (Centaur Hunter)               Turns: 4401, Time: 00:16:21

Health: -2/44      AC:  4    Str: 16    XL:     5   Next: 98%
Magic:  5/5        EV:  9    Int: 16    God:
Gold:   240        SH:  0    Dex:  9    Spells: 4/4 levels left

rFire    . . .     SeeInvis +     - Unarmed
rCold    . . .     Gourm    .   (no shield)
rNeg     . . .     Faith    .   c - +0 leather armour
rPois    .         Spirit   .   (no helmet)
rElec    .         Reflect  .   (no cloak)
rCorr    .         Harm     .   (no gloves)
MR       .....                  (no barding)
Stlth    +.........             (no amulet)
HPRegen  0.14/turn              m - ring of see invisible
MPRegen  0.09/turn              w - +6 ring of intelligence

@: mighty, lethally poisoned (-2 -> -7), hasted, very quick
A: large, hooves 3, deformed body, speed 2, tough skin 3
a: no special abilities


You were on level 4 of the Dungeon.
You were not hungry.

You visited 1 branch of the dungeon, and saw 4 of its levels.

You collected 240 gold pieces.

Inventory:

Hand Weapons
 a - a +1 shortbow
 d - a +0 short sword
Missiles
 b - 50 arrows
 l - 95 stones (quivered)
 q - 14 poisoned darts
Armour
 c - a +0 leather armour (worn)
 o - a +0 chain mail
Jewellery
 m - a ring of see invisible (left hand)
 w - a +6 ring of intelligence (right hand)
Wands
 r - a wand of polymorph (10)
Scrolls
 e - 4 scrolls of remove curse {unknown}
 h - a scroll of noise {unknown}
 i - 2 scrolls of teleportation {unknown}
 j - a scroll of fear {unknown}
 t - 2 scrolls of identify {unknown}
 u - a scroll of blinking {unknown}
Potions
 v - a potion of ambrosia
Comestibles
 f - 7 rations


   Skills:
 + Level 2.9 Fighting
 * Level 8.4 Bows
 + Level 1.2 Armour
 - Level 1.3 Dodging
 - Level 0.4 Stealth
 + Level 1.2 Unarmed Combat


You had 4 spell levels left.
You didn't know any spells.
Your spell library contained the following spells:

 Spells                   Type           Power        Failure   Level  Hunger
 Magic Dart               Conj           #...         30%         1    ##.....
 Blink                    Tloc           N/A          43%         2    ###....
 Call Imp                 Summ           #.......     43%         2    ###....
 Slow                     Hex            #.......     43%         2    ###....
 Conjure Flame            Conj/Fire      #.......     67%         3    ####...
 Mephitic Cloud           Conj/Pois/Air  #.......     67%         3    ####...


Dungeon Overview and Level Annotations

Branches:
Dungeon (4/15)
 Temple: D:4-7

Altars:

Annotations:
D:3 exclusion: downstairs


Innate Abilities, Weirdness & Mutations

You have hooves in place of feet.
Armour fits poorly on your strangely shaped body.
You cover ground very quickly.
You have extremely tough skin. (AC +3)


Message History

You bump into the rock wall.
You feel less invigorated.
You feel less confused.
You feel sick. The killer bee barely misses you.
You hit the killer bee. Your kick misses the killer bee.
Your punch misses the killer bee.
The killer bee is severely wounded.
The killer bee stings you!
* * * LOW HITPOINT WARNING * * *
It was a potion of might.
You feel very mighty all of a sudden.
You feel sick. The killer bee stings you.
* * * LOW HITPOINT WARNING * * *
The orc barely misses you. The killer bee closely misses you.
Okay, then.
Unknown command.
You closely miss the killer bee.
The killer bee is severely wounded.
The killer bee stings you but does no damage.
The orc hits you with a +0 club.
You die...

...# ...# ###########
######.#####...# #.........#
#......#...#...
#)........#####.######...#.# .
#.........#.....### #.....##...
#...........###@y.####........#
#.........### #.o..(......#
#.........# #.....##......(...
####...#.## #####.##..........
#...#.## #.##..........
#...#..#### #)##...#>.....
#...##....######..###........
#.......#.........% ...[.....
#........##..# #.## ......#.#


You could see a killer bee and an orc.

Vanquished Creatures
  2 killer bees
  A hound (D:3)
  A gnoll (D:3)
  5 adders
  An ooze (D:1)
  2 worms
  6 orcs
  8 bats
  8 giant cockroaches
  6 goblins
  11 hobgoblins
  4 jackals (D:1)
  2 quokkas (D:3)
  2 ball pythons
  3 frilled lizards
  7 kobolds
  6 rats
75 creatures vanquished.

Notes
Turn   | Place    | Note
-------+----------+-------------------------------------------
     0 | D:1      | CrazyMind the Centaur Hunter began the quest for the Orb.
     0 | D:1      | Reached XP level 1. HP: 17/17 MP: 1/1
   401 | D:1      | Reached XP level 2. HP: 24/24 MP: 2/2
   453 | D:1      | Reached skill level 6 in Bows
  1142 | D:2      | Reached XP level 3. HP: 29/29 MP: 3/3
  2309 | D:3      | Reached skill level 7 in Bows
  2309 | D:3      | Reached XP level 4. HP: 35/36 MP: 4/4
  3101 | D:3      | Reached skill level 1 in Armour
  3160 | D:3      | Reached XP level 5. HP: 42/42 MP: 5/5
  3744 | D:4      | Reached skill level 8 in Bows
  3744 | D:4      | Reached skill level 1 in Unarmed Combat
  3754 | D:3      | HP: 2/42 [killer bee (9)]
  4401 | D:4      | Slain by an orc

Illustrated notes

Levels and vault maps discovered:
D:1:      minmay_arrival_stone_box, layout_basic
D:2:      layout_loops_cross, minivault_26
D:3:      layout_loops_ring, first_ration, small_statue_intersection,
          minmay_randomly_rotated_circles
D:4:      layout_rooms, nemelex_altar_shiori, kennysheep_slug_shrine,
          kennysheep_mini_moat, minmay_vboxes

Skill      XL: |  1  2  3  4  5 |
---------------+----------------+-----
Bows           | 6 7 8 |  8.4
Armour         | 1 |  1.2
Unarmed Combat | 1 |  1.2
Fighting       | |  2.9
Dodging        | |  1.3
Stealth        | |  0.4

Action                   |  1- 3 |  4- 6 || total
-------------------------+-------+-------++-------
Melee: Unarmed           |   122 |   115 ||   237
       Kick              |    26 |    20 ||    46
 Fire: Shortbow          |    50 |    87 ||   137
Throw: Stone             |     4 |       ||     4
  Use: Potion            |     1 |     9 ||    10
  Eat: Chunk             |     3 |     6 ||     9
Armor: Leather armour    |    72 |    67 ||   139
Dodge: Dodged            |    81 |   104 ||   185
